[ AOE2 MATCH · #507018837 ]
UnrankedBengalis vs Lithuanians
Player's team · WIN
[ REPLAY ANALYSIS · EXTRACTED FROM THE RECORDED GAME ]
Feudal
12:48
Castle
—
Imperial
—
| APM avg | 53.7 |
| APM peak | 93 |
| eAPM avg | 16.8 |
| Villagers / military | 34 / 0 |
Focus
⚔️ 6.7% · 🌾 93.3%
Fishing Ship ×8 · Unknown (2626) ×3
Feudal
10:46
Castle
—
Imperial
—
| APM avg | 32.2 |
| APM peak | 65 |
| eAPM avg | 14.2 |
| Villagers / military | 44 / 20 |
Focus
⚔️ 39.6% · 🌾 60.4%
Galley ×6 · Militia ×5 · Unknown (2626) ×4 · Archer ×3 · Skirmisher ×3 · Demolition Raft ×2
Match map
Initial resources + every placement click. Lines = walls · curves = elevation contours. ◆ gold · ⬟ stone · ● berries · ✦ relic · ◌ wall gap
Your base· Open — unwalled flank
Pumpk1nL0rd's base· Open — 11t gap
Smoothed initial terrain · ◌ = detected wall gap · hover for details
Inputs per minute
— abhishekchopra.ubs - - Pumpk1nL0rd
Build order — abhishekchopra.ubs
77 actions detected in the replay
| 0:02 | Queue | Villager (Male) ×4 |
| 0:04 | Build | House |
| 0:06 | Build | House |
| 1:35 | Queue | Villager (Male) |
| 2:00 | Build | Lumber Camp |
| 2:02 | Queue | Villager (Male) |
| 2:20 | Queue | Villager (Male) |
| 2:48 | Queue | Villager (Male) |
| 2:49 | Queue | Villager (Male) |
| 3:20 | Queue | Villager (Male) |
| 3:20 | Queue | Villager (Male) |
| 3:58 | Queue | Villager (Male) |
| 3:59 | Queue | Villager (Male) |
| 4:14 | Build | House |
| 4:27 | Build | House |
| 4:47 | Build | House |
| 5:01 | Build | Palisade Wall |
| 5:04 | Build | House |
| 5:08 | Build | House |
| 5:15 | Build | House |
| 5:22 | Queue | Villager (Male) |
| 5:22 | Queue | Villager (Male) |
| 5:48 | Queue | Villager (Male) |
| 6:08 | Queue | Villager (Male) |
| 6:15 | Queue | Villager (Male) |
| 6:29 | Build | Dock |
| 7:36 | Queue | Villager (Male) |
| 7:41 | Queue | Fishing Ship |
| 7:44 | Queue | Villager (Male) |
| 8:00 | Queue | Villager (Male) |
| 8:15 | Queue | Fishing Ship |
| 8:27 | Build | Palisade Wall |
| 8:42 | Queue | Villager (Male) |
| 8:45 | Queue | Fishing Ship |
| 9:17 | Queue | Villager (Male) |
| 9:19 | Queue | Fishing Ship |
| 9:34 | Build | Mill |
| 9:36 | Queue | Villager (Male) |
| 9:45 | Queue | Villager (Male) |
| 10:01 | Queue | Fishing Ship |
| 10:16 | Build | Mining Camp |
| 10:30 | Queue | Villager (Male) |
| 10:38 | Research | Feudal Age |
| 10:41 | Research | Loom |
| 10:57 | Queue | Fishing Ship |
| 11:01 | Build | Farm |
| 11:05 | Build | Farm |
| 11:21 | Build | House |
| 11:24 | Build | House |
| 11:29 | Build | Palisade Wall |
| 11:31 | Build | Palisade Wall |
| 11:40 | Build | Farm |
| 11:41 | Queue | Fishing Ship |
| 11:44 | Queue | Villager (Male) |
| 12:01 | Queue | Fishing Ship |
| 12:02 | Queue | Villager (Male) |
| 12:09 | Build | House |
| 12:23 | Build | House |
| 12:25 | Build | House |
| 12:33 | Build | House |
| 12:48 | Age | Feudal Age |
| 12:59 | Build | Market |
| 13:40 | Queue | Unit 2626 |
| 14:04 | Queue | Unit 2626 |
| 14:20 | Queue | Villager (Male) |
| 14:22 | Queue | Villager (Male) |
| 14:29 | Build | Farm |
| 14:36 | Build | Blacksmith |
| 14:42 | Queue | Villager (Male) |
| 14:58 | Queue | Unit 2626 |
| 15:14 | Queue | Villager (Male) |
| 15:24 | Build | Mining Camp |
| 15:24 | Queue | Villager (Male) |
| 15:33 | Build | Watch Tower |
| 15:46 | Research | Castle Age |
| 15:57 | Queue | Villager (Male) |
| 16:29 | Build | Watch Tower |
Build order — Pumpk1nL0rd
102 actions detected in the replay
| 0:09 | Build | Barracks |
| 0:11 | Build | House |
| 0:12 | Queue | Villager (Male) ×5 |
| 0:12 | Queue | Villager (Male) ×5 |
| 0:12 | Queue | Villager (Male) |
| 1:47 | Queue | Villager (Male) |
| 1:50 | Build | House |
| 1:53 | Queue | Militia ×2 |
| 1:54 | Queue | Militia ×2 |
| 2:31 | Queue | Villager (Male) |
| 2:31 | Queue | Villager (Male) |
| 2:48 | Queue | Villager (Male) |
| 2:49 | Queue | Villager (Male) |
| 2:55 | Build | House |
| 3:30 | Queue | Villager (Male) |
| 3:30 | Queue | Villager (Male) |
| 4:00 | Queue | Villager (Male) |
| 4:01 | Queue | Villager (Male) |
| 4:14 | Build | House |
| 4:15 | Build | House |
| 4:17 | Queue | Villager (Male) |
| 4:37 | Queue | Villager (Male) |
| 5:11 | Queue | Villager (Male) |
| 5:11 | Queue | Villager (Male) |
| 5:25 | Queue | Villager (Male) |
| 5:38 | Queue | Villager (Male) |
| 5:38 | Queue | Villager (Male) |
| 6:06 | Queue | Villager (Male) |
| 6:21 | Queue | Villager (Male) |
| 6:47 | Queue | Villager (Male) |
| 7:00 | Queue | Militia |
| 7:25 | Queue | Villager (Male) |
| 7:40 | Build | Lumber Camp |
| 7:53 | Queue | Villager (Male) |
| 7:56 | Queue | Villager (Male) |
| 8:34 | Research | Feudal Age |
| 9:20 | Build | Mill |
| 9:29 | Research | Loom |
| 9:40 | Build | House |
| 10:46 | Age | Feudal Age |
| 10:47 | Build | Palisade Wall |
| 10:49 | Build | Palisade Wall |
| 10:50 | Build | Palisade Wall |
| 10:52 | Build | Palisade Wall |
| 10:59 | Build | Archery Range |
| 11:06 | Build | Palisade Wall |
| 11:09 | Queue | Villager (Male) |
| 11:16 | Build | Blacksmith |
| 11:20 | Queue | Villager (Male) |
| 11:28 | Research | Double-Bit Axe |
| 11:28 | Research | Double-Bit Axe |
| 11:54 | Queue | Villager (Male) |
| 11:59 | Queue | Archer |
| 12:08 | Build | Mining Camp |
| 12:19 | Queue | Villager (Male) |
| 12:33 | Queue | Villager (Male) |
| 12:57 | Queue | Villager (Male) |
| 13:02 | Queue | Skirmisher |
| 13:02 | Queue | Skirmisher |
| 13:03 | Queue | Archer |
| 13:10 | Build | Dock |
| 13:14 | Build | Palisade Wall |
| 13:16 | Build | Palisade Wall |
| 13:26 | Queue | Archer |
| 13:50 | Queue | Spearman |
| 13:58 | Queue | Unit 2626 |
| 13:58 | Queue | Unit 2626 |
| 14:13 | Queue | Skirmisher |
| 14:16 | Build | House |
| 14:22 | Queue | Villager (Male) |
| 14:27 | Build | House |
| 14:29 | Build | House |
| 14:30 | Build | House |
| 14:36 | Build | House |
| 14:37 | Build | House |
| 14:39 | Build | House |
| 14:48 | Queue | Unit 2626 |
| 14:49 | Queue | Unit 2626 |
| 14:51 | Queue | Villager (Male) |
| 15:13 | Queue | Galley ×3 |
| 15:13 | Queue | Galley ×3 |
| 15:14 | Queue | Villager (Male) ×3 |
| 15:44 | Build | Farm |
| 15:44 | Build | Farm |
| 15:44 | Build | Farm |
| 15:44 | Build | Farm |
| 15:44 | Build | Farm |
| 15:45 | Build | Farm |
| 15:45 | Build | Farm |
| 15:45 | Build | Farm |
| 15:45 | Build | Farm |
| 16:20 | Build | Stable |
| 16:30 | Build | Palisade Wall |
| 16:31 | Build | Palisade Wall |
| 16:34 | Build | Palisade Wall |
| 16:43 | Build | Farm |
| 16:44 | Build | Farm |
| 16:44 | Build | Farm |
| 16:44 | Build | Farm |
| 16:44 | Build | Farm |
| 17:01 | Queue | Demolition Raft |
| 17:01 | Queue | Demolition Raft |
Match timeline
| 0:09 | Pumpk1nL0rd · first_building Barracks |
| 5:01 | abhishekchopra.ubs · wall_segment Palisade Wall x1 |
| 6:29 | abhishekchopra.ubs · first_building Dock |
| 8:27 | abhishekchopra.ubs · wall_segment Palisade Wall x1 |
| 10:46 | Pumpk1nL0rd · age_up feudal |
| 10:47 | Pumpk1nL0rd · wall_segment Palisade Wall x1 |
| 10:49 | Pumpk1nL0rd · wall_segment Palisade Wall x1 |
| 10:50 | Pumpk1nL0rd · wall_segment Palisade Wall x1 |
| 10:52 | Pumpk1nL0rd · wall_segment Palisade Wall x1 |
| 10:59 | Pumpk1nL0rd · first_building Archery Range |
| 11:06 | Pumpk1nL0rd · wall_segment Palisade Wall x1 |
| 11:29 | abhishekchopra.ubs · wall_segment Palisade Wall x1 |
| 11:31 | abhishekchopra.ubs · wall_segment Palisade Wall x1 |
| 12:48 | abhishekchopra.ubs · age_up feudal |
| 13:10 | Pumpk1nL0rd · first_building Dock |
| 13:14 | Pumpk1nL0rd · wall_segment Palisade Wall x1 |
| 13:16 | Pumpk1nL0rd · wall_segment Palisade Wall x1 |
| 14:01 | abhishekchopra.ubs · first_market_sell 100 stone |
| 16:20 | Pumpk1nL0rd · first_building Stable |
| 16:30 | Pumpk1nL0rd · wall_segment Palisade Wall x1 |
| 16:31 | Pumpk1nL0rd · wall_segment Palisade Wall x1 |
| 16:34 | Pumpk1nL0rd · wall_segment Palisade Wall x2 |
| 17:18 | Pumpk1nL0rd · resign |
[ AI ANALYSIS · 1 CREDIT ]
What really happened in this match?
Wolo.gg analyzes every decision: build order, eco, micro, common mistakes by bracket. Personalized analysis on WhatsApp or Discord in 30 seconds.
Civ guide
Bengalis
Perfil
Jugador #20306035